 Dungeon Crawl Stone Soup version 0.31-a0-150-g89dc3ad700 (webtiles) character file.

Game seed: 13673888234861943584

77 qw the Shooter (level 4, 0/28 HPs)
             Began as a Gargoyle Hunter on June 8, 2023.
             Slain by a gnoll
             ... wielding a +0 spear
              (2 damage)
             ... on level 3 of the Dungeon.
             The game lasted 00:00:34 (1381 turns).

qw the Shooter (Gargoyle Hunter)                    Turns: 1381, Time: 00:00:35

Health: 0/28       AC:  8    Str: 14    XL:     4   Next: 34%
Magic:  4/4        EV: 11    Int: 10    God:
Gold:   57         SH:  0    Dex: 21    Spells: 3/3 levels left

rFire   . . .        Y - +0 shortbow
rCold   . . .        (shield currently unavailable)
rNeg    + . .        h - +0 ring mail
rPois   inf          (no helmet)
rElec   +            (no cloak)
rCorr   .            (no gloves)
SInv    .            (no boots)
Will    .....        (no amulet)
Stlth   +            g - +6 ring of dexterity
HPRegen 0.24/turn    (no ring)
MPRegen 0.09/turn

%: no passive effects
@: no status effects
A: sickness immunity, AC +3, negative energy resistance 1, electricity
resistance, torment resistance 1, petrification resistance
a: no special abilities


You were on level 3 of the Dungeon.
You visited 1 branch of the dungeon, and saw 3 of its levels.

You collected 57 gold pieces.


Innate Abilities, Weirdness & Mutations

You are immune to sickness and miasma.
Your stone body is resilient. (AC +3)
You are immune to poison.
You resist negative energy. (rN+)
You are resistant to electric shocks. (rElec)
You are resistant to unholy torment.
You are immune to petrification.


   Skills:
 - Level 3.0 Fighting
 + Level 5.2 Ranged Weapons
 - Level 1.0 Armour
 - Level 1.5 Dodging
 - Level 1.1 Stealth


You had 3 spell levels left.
You didn't know any spells.
Your spell library was empty.

Inventory:

Hand Weapons
 Y - a +0 shortbow (weapon)
Armour
 h - a +0 ring mail (worn)
Jewellery
 g - a +6 ring of dexterity (left hand)
Scrolls
 b - a scroll of identify
Potions
 e - a potion of brilliance {unknown}
 f - a potion of degeneration {unknown}

Dungeon Overview and Level Annotations

Branches:
Dungeon (3/15)

Altars:


Message History

1372 ||| Stepping ~*~*~tactically~*~*~ (outnumbered).
Enter note:
Enter note: You shoot an arrow.
The arrow barely misses the gnoll.
You hear a shout!
You shoot an arrow. The arrow hits the gnoll!
The gnoll is heavily wounded.
The gnoll closely misses you.
You shoot an arrow. The arrow hits the gnoll.
The gnoll is almost dead.
You hear a shout!
The gnoll barely misses you. The gnoll hits you but does no damage.
The gnoll closely misses you.
You shoot an arrow.
The arrow hits the gnoll but does no damage.
The gnoll is almost dead.
The gnoll hits you but does no damage. The gnoll hits you with a +0 club.
The gnoll hits you from afar with a +0 halberd.
You shoot an arrow. The arrow completely misses the gnoll.
The gnoll hits you with a +0 club. The gnoll closely misses you.
The gnoll throws a throwing net.
The throwing net closely misses you.
You shoot an arrow. The arrow hits the gnoll.
You kill the gnoll!
The gnoll closely misses you.
The gnoll hits you from afar with a +0 halberd.
The gnoll hits you but does no damage.
The gnoll throws a throwing net.
The throwing net barely misses you.
The gnoll hits you from afar with a +0 spear.
The gnoll barely misses you.
Your Armour skill increases to level 1!
You shoot an arrow. The arrow barely misses the gnoll.
The gnoll hits you from afar with a +0 spear. x2
The gnoll closely misses you.
You shoot an arrow. The arrow completely misses the gnoll.
The gnoll hits you from afar with a +0 spear. x2
The gnoll barely misses you.
You shoot an arrow. The arrow hits the gnoll!
You kill the gnoll!
The gnoll hits you from afar with a +0 spear.
You die...

....#
...g...#
.g.....#
##.......#
##.. ..#..#
.....#.#gg#
#....#)#..#
#.....)@.#
##..#....#
#. #..(.#
##..##.#.#
#......#.#
^....##.#.#
.... #.#.#
#..# #.#.#
#..# #.#.#


You could see 2 gnolls.

Vanquished Creatures
  2 gnolls (D:3)
  An adder (D:2)
  A worm (D:2)
  A dart slug (D:1)
  9 endoplasms
  3 giant cockroaches
  3 goblins
  5 hobgoblins
  7 jackals
  3 kobolds (D:2)
  A quokka (D:2)
  A ball python (D:1)
  6 bats
  2 frilled lizards
  4 rats
49 creatures vanquished.

Notes
Turn   | Place    | Note
-------+----------+-------------------------------------------
     0 | D:1      | qw the Gargoyle Hunter began the quest for the Orb.
     0 | D:1      | Reached XP level 1. HP: 12/12 MP: 1/1
     0 | D:1      | 0 ||| qw: Version: 0.2-a-120-gdf1a93b
     0 | D:1      | 0 ||| qw: Game counter: 2946
     0 | D:1      | 0 ||| qw: Always use a shield: true
     0 | D:1      | 0 ||| qw: God list: Okawaru
     0 | D:1      | 0 ||| qw: Allow faded altars: false
     0 | D:1      | 0 ||| qw: Do Orc after D:15 true
     0 | D:1      | 0 ||| qw: Do second Lair branch before Depths: true
     0 | D:1      | 0 ||| qw: Lair rune preference: random
     0 | D:1      | 0 ||| qw: Plans: Normal
     0 | D:1      | 0 ||| PLANNING D:1-11
    51 | D:1      | HP: 3/12 [rat (2)]
   156 | D:1      | Reached XP level 2. HP: 17/17 MP: 2/2
   637 | D:1      | Reached XP level 3. HP: 21/21 MP: 3/3
   666 | D:1      | Reached skill level 5 in Ranged Weapons
   762 | D:1      | 762 ||| READING 4 scrolls labelled MAJABI PUAMA.
   763 | D:1      | 763 ||| DRINKING 2 bubbling clear potions.
   764 | D:1      | 764 ||| DROPPING 3 scrolls of magic mapping.
   765 | D:1      | 765 ||| DROPPING scroll of butterflies.
   766 | D:1      | 766 ||| DROPPING potion of attraction.
   860 | D:2      | Reached skill level 3 in Fighting
  1062 | D:2      | Reached XP level 4. HP: 18/28 MP: 4/4
  1072 | D:2      | 1072 ||| FLEEEEING.
  1293 | D:2      | 1293 ||| UPGRADING to +0 ring mail.
  1303 | D:2      | 1303 ||| DROPPING +0 leather armour.
  1304 | D:2      | 1304 ||| UPGRADING to +6 ring of dexterity.
  1305 | D:2      | 1305 ||| READING scroll labelled KESTEM EWNUPP.
  1306 | D:2      | 1306 ||| READING 2 scrolls labelled ORAYFF HONO.
  1307 | D:2      | 1307 ||| READING scroll labelled QOOLIP ALAM.
  1342 | D:3      | Found a faded altar of an unknown god.
  1372 | D:3      | 1372 ||| Stepping ~*~*~tactically~*~*~ (outnumbered).
  1379 | D:3      | Reached skill level 1 in Armour
  1379 | D:3      | HP: 7/28 [gnoll/+0 spear (6)]
  1380 | D:3      | HP: 2/28 [gnoll/+0 spear (3)]
  1381 | D:3      | Slain by a gnoll

Levels and vault maps discovered:
D:1:      nagdon_arrival_zigzag_paths, layout_loops_ring
D:2:      layout_rooms, minmay_tetromino_o4
D:3:      layout_loops_ring, hellmonk_ecumenical_altar_lost_god,
          gammafunk_ghost_abyssal_escape

Skill      XL: |  1  2  3  4 |
---------------+-------------+-----
Ranged Weapons | 5 |  5.2
Fighting       | 3 |  3.0
Armour         | 1 |  1.0
Dodging        | |  1.5
Stealth        | |  1.1

Action                     |  1- 3 |  4- 6 || total
---------------------------+-------+-------++-------
   Fire: Shortbow          |   111 |    25 ||   136
    Use: Scroll            |     1 |     3 ||     4
         Potion            |     1 |       ||     1
 Armour: Leather armour    |    27 |     3 ||    30
         Ring mail         |       |     4 ||     4
  Dodge: Dodged            |    45 |    10 ||    55

Table legend:
 A = Non-vault XP
 B = Vault XP
 C = Vault XP percentage of total XP
 D = Non-vault monster count
 E = Vault monster count
 F = Vault count percentage of total count
                 A         B        C        D         E       F
            +---------+---------+-------+---------+---------+-------
      Total |     121 |       4 |   3.2 |      46 |       3 |   6.1
            +---------+---------+-------+---------+---------+-------
        D:1 |      41 |       0 |   0.0 |      23 |       0 |   0.0
        D:2 |      48 |       4 |   7.7 |      19 |       3 |  13.6
        D:3 |      32 |       0 |   0.0 |       4 |       0 |   0.0
            +---------+---------+-------+---------+---------+-------
